 Dungeon Crawl Stone Soup version 0.24-a0-725-gf1a930fc54 (webtiles) character file.

Game seed: 18193911092425134232, levelgen mode: deterministic

81 MisterOstroum the Skirmisher (level 4, 0/40 HPs)
             Began as a Centaur Monk on Oct 1, 2019.
             Killed by divine providence
             ... invoked by an orc priest
              (17 damage)
             ... on level 2 of the Dungeon.
             The game lasted 00:04:47 (1747 turns).

MisterOstroum the Skirmisher (Centaur Monk)         Turns: 1747, Time: 00:04:48

Health: 0/40       AC:  7    Str: 14    XL:     4   Next: 19%
Magic:  4/4        EV:  4    Int:  9    God:
Gold:   82         SH:  0    Dex: 12    Spells: 3/3 levels left

rFire    . . .     SeeInvis .   a - +0 spear
rCold    . . .     Gourm    .   (no shield)
rNeg     . . .     Faith    .   j - +0 chain mail
rPois    .         Spirit   .   (no helmet)
rElec    .         Reflect  .   (no cloak)
rCorr    .         Harm     .   (no gloves)
MR       .....                  (no barding)
Stlth    ..........             (no amulet)
HPRegen  0.13/turn              (no ring)
MPRegen  0.09/turn              (no ring)

@: very quick
A: large, hooves 3, deformed body, speed 2, tough skin 3
a: no special abilities


You were on level 2 of the Dungeon.
You were not hungry.

You visited 1 branch of the dungeon, and saw 2 of its levels.

You collected 82 gold pieces.

Inventory:

Hand Weapons
 a - a +0 spear (weapon)
Missiles
 g - 22 arrows
Armour
 j - a +0 chain mail (worn)
Scrolls
 b - a scroll of enchant weapon {unknown}
 c - a scroll of teleportation {unknown}
 h - a scroll of blinking {unknown}
Potions
 d - a potion of lignification {unknown}
 f - 2 potions of curing {unknown}
Comestibles
 e - 3 rations
 i - 8 chunks of flesh


   Skills:
 + Level 4.1 Fighting
 + Level 3.8 Polearms
 - Level 2.1 Dodging
 - Level 1.1 Stealth


You had 3 spell levels left.
You didn't know any spells.
Your spell library was empty.

Dungeon Overview and Level Annotations

Branches:
Dungeon (2/15)

Altars:


Innate Abilities, Weirdness & Mutations

You have hooves in place of feet.
Armour fits poorly on your strangely shaped body.
You cover ground very quickly.
You have extremely tough skin. (AC +3)


Message History

i - 5 chunks of flesh (gained 2)
You butcher the jackal corpse.
i - 6 chunks of flesh (gained 1)
Things that are here:
a jackal skeleton x2
Things that are here:
a jackal skeleton x2
Things that are here:
a +0 falchion; a +0 chain mail; the human corpse of Terence No target in view!
Things that are here:
a +0 falchion; a +0 chain mail; the human corpse of Terence You butcher the human corpse of Terence.
i - 8 chunks of flesh (gained 2)
Things that are here:
a +0 falchion; a +0 chain mail; the human skeleton of Terence
j - a +0 chain mail You start removing your armour.
You continue taking off your +0 leather armour. x4
You finish taking off your +0 leather armour.
You start putting on your armour.
You continue putting on your +0 chain mail. x5
You finish putting on your +0 chain mail.
Drop what? 10/52 slots (_ for help) (? for menu, Esc to quit)
You drop a +0 robe.
You drop a +0 leather armour.
Okay, then.
You see here a hobgoblin skeleton.
You now have 73 gold pieces (gained 12).
b - a scroll labeled XYESIEHAZU
c - a scroll labeled SERIANEARO You now have 82 gold pieces (gained 9).
Found 18 sling bullets.
Things that are here:
a +0 club; a hobgoblin skeleton
There is a stone staircase leading up here.
Found a chain mail.
No target in view!
An orc and an orc priest come into view.
The orc shouts!
The orc priest shouts!
You hear a shout! x2
An orc wizard comes into view. It is wielding a +0 dagger.
Found 19 poisoned darts.
There are monsters nearby!
There are monsters nearby!
An orc wizard comes into view. It is wielding a +0 dagger.
The orc wizard shouts!
You hear an angry hiss.
You closely miss the orc priest. The orc priest completely misses you.
You hit the orc priest.
The orc priest is lightly wounded.
Attack whom?
Press: ? - help, Dir - move target cursor, f - orc
Aim: an orc, wielding a +0 flail You hit the orc.
The orc is almost dead.
The orc priest hits you. The orc hits you but does no damage.
You hit the orc priest but do no damage.
The orc priest is lightly wounded.
The orc priest hits you but does no damage.
You hit the orc priest but do no damage.
The orc priest is lightly wounded.
The orc hits you with a +0 flail.
The orc wizard points at you and mumbles some strange words.
You resist with some effort.
The orc priest mumbles some strange prayers to Beogh against you.
Pain shoots through your body!
Attack whom?
Press: ? - help, Dir - move target cursor, f - orc priest, p - orc
Aim: an orc priest, wearing a +0 leather armour (lightly wounded)
The orc is in the way.
You hit the orc but do no damage.
The orc is severely wounded.
The orc hits you with a +0 flail.
Attack whom?
Press: ? - help, Dir - move target cursor, f/p - orc priest
Aim: an orc priest, wearing a +0 leather armour (lightly wounded)
You hit the orc priest but do no damage.
You kick the orc priest!
The orc priest is severely wounded.
The orc priest hits you but does no damage.
Unknown command.
Attack whom?
Press: ? - help, Dir - move target cursor, f/p - orc priest
Aim: an orc priest, wearing a +0 leather armour (severely wounded)
The orc is in the way.
You hit the orc.
You kill the orc!
Attack whom?
Press: ? - help, Dir - move target cursor, f/p - orc priest
Aim: an orc priest, wearing a +0 leather armour (severely wounded)
You hit the orc priest but do no damage.
Your kick misses the orc priest.
The orc priest is severely wounded.
The orc priest invokes the aid of Beogh against you.
Beogh smites you!
You hit the orc priest.
The orc priest is almost dead.
The orc priest hits you but does no damage.
Your chain mail prevents you from hitting the orc priest.
The orc priest is almost dead.
The orc priest mumbles some strange prayers to Beogh against you.
Beogh smites you!
You die...

# [.## ### #...# ##.##
#.##.########...#### #(#
#............... #.#
#.............##
#.###.#####.........
#.##.## #.#...#.##
#######oo@.######.#..##.#
.......o##.##...........#
..............###.#<.#####
.##.###.#####.# #.#.)# # #
#.# # #.#..##### #.#
#......... #.# ###..#####
#.# .#####....... #..
..(.....#####


You could see an orc priest and 2 orc wizards.

Vanquished Creatures
  Terence (D:2)
  A gnoll (D:1)
  2 dart slugs
  A leopard gecko (D:2)
  An orc (D:2)
  4 bats
  3 giant cockroaches
  6 hobgoblins
  7 jackals
  A frilled lizard (D:1)
  5 kobolds (D:1)
  7 rats (D:1)
39 creatures vanquished.

Notes
Turn   | Place    | Note
-------+----------+-------------------------------------------
     0 | D:1      | MisterOstroum the Centaur Monk began the quest for the Orb.
     0 | D:1      | Reached XP level 1. HP: 19/19 MP: 1/1
   101 | D:1      | Reached XP level 2. HP: 24/26 MP: 2/2
   824 | D:1      | Reached XP level 3. HP: 30/33 MP: 3/3
  1289 | D:2      | Noticed Terence
  1627 | D:2      | Killed Terence
  1627 | D:2      | Reached skill level 4 in Fighting
  1627 | D:2      | Reached XP level 4. HP: 36/40 MP: 4/4
  1747 | D:2      | Killed from afar by an orc priest

Levels and vault maps discovered:
D:1:      dpeg_arrival_chase, layout_loops_ring
D:2:      layout_loops_ring, nicolae_dithmenos_through_a_glass_darkly, tgw_trog,
          uniq_natasha, uniq_terence

Skill      XL: |  1  2  3 |
---------------+----------+-----
Polearms       | 3 |  3.8
Fighting       | 4 |  4.1
Dodging        | |  2.1
Stealth        | |  1.1

Action                   |  1- 3 |  4- 6 || total
-------------------------+-------+-------++-------
Melee: Spear             |   174 |    13 ||   187
       Kick              |    18 |     2 ||    20
 Stab: Sleeping          |     2 |       ||     2
  Eat: Chunk             |     1 |     1 ||     2
Armor: Robe              |    45 |       ||    45
       Leather armour    |     3 |       ||     3
       Chain mail        |       |     3 ||     3
Dodge: Dodged            |    73 |     2 ||    75

Table legend:
 A = Non-vault XP
 B = Vault XP
 C = Vault XP percentage of total XP
 D = Non-vault monster count
 E = Vault monster count
 F = Vault count percentage of total count
                 A         B        C        D         E       F
            +---------+---------+-------+---------+---------+-------
      Total |      80 |      36 |  31.0 |      38 |       1 |   2.6
            +---------+---------+-------+---------+---------+-------
        D:1 |      54 |       0 |   0.0 |      27 |       0 |   0.0
        D:2 |      26 |      36 |  58.1 |      11 |       1 |   8.3
            +---------+---------+-------+---------+---------+-------
